 Dungeon Crawl Stone Soup version 0.16.0-17-g811c1d7 (webtiles) character file.

12035 Gorice the Zephyrmancer (level 11, -3/74 HPs)
             Began as a Demigod Air Elementalist on Mar 21, 2015.
             Slain by an orc warrior
             ... wielding a +0 short sword
              (12 damage)
             ... on level 1 of the Orcish Mines.
             The game lasted 02:07:47 (15735 turns).

Gorice the Zephyrmancer (Demigod Air Elementalist) Turns: 15735, Time: 02:07:48

Health: -3/74      AC:  8    Str: 11    XL:     11   Next: 32%
Magic:  7/29       EV: 12    Int: 28    God:
Gold:   509        SH:  0    Dex: 16    Spells: 7 memorised, 6 levels left

rFire  + . .     SeeInvis .     a - +1 quarterstaff
rCold  . . .     Clarity  .     C - +1 leather armour {rF+}
rNeg   + . .     SustAb   +     (no shield)
rPois  .         Gourm    .     w - +0 helmet
rElec  .         Spirit   .     J - +1 cloak
rCorr  .         Warding  +     R - +0 pair of gloves {archery}
rMut   .         Stasis   .     (no boots)
MR     ++...                    O - macabre finger necklace {Ward rN+}
Stlth  ++........               p - +3 ring of intelligence
                                h - ring of protection from magic
                                d - ring of wizardry

@: lethally poisoned (-3 -> -3), repel missiles, very resistant to hostile
enchantments, unstealthy
A: sustain abilities
a: no special abilities


You were on level 1 of the Orcish Mines.
You were not hungry.

You visited 4 branches of the dungeon, and saw 14 of its levels.

You collected 803 gold pieces.
You spent 294 gold pieces at shops.

Inventory:

Hand weapons
 a - a +1 quarterstaff (weapon)
 b - a +1 hunting sling of freezing
   (You took it off a goblin on level 4 of the Dungeon)
 f - a +0 hunting sling of flaming
   (You found it on level 4 of the Dungeon)
Missiles
 o - 19 sling bullets
 x - 22 exploding sling bullets
 E - 10 poisoned needles
 Q - 3 javelins (quivered)
 Y - 2 throwing nets
 Z - 105 stones
Armour
 w - a +0 helmet (worn)
 C - a +1 leather armour of fire resistance (worn)
   (You found it on level 4 of the Dungeon)
 J - a +1 cloak (worn)
 L - a +1 ring mail of cold resistance
   (You found it on level 5 of the Dungeon)
 R - a +0 pair of gloves of archery (worn)
   (You found it on level 6 of the Dungeon)
Jewellery
 d - a ring of wizardry (on amulet)
 h - a ring of protection from magic (left hand)
 m - an uncursed ring of teleportation
 p - a +3 ring of intelligence (right hand)
 y - the amulet "Ciastruf" {Stasis rF++ Int-4}
   (You found it on level 9 of the Dungeon)

   [amulet of stasis]

   It prevents you from being teleported, slowed, hasted or paralysed.
   It affects your intelligence (-4).
   It greatly protects you from fire.
 O - the macabre finger necklace (around neck) {Ward rN+}
   (You found it on level 8 of the Dungeon)

   [amulet of warding]

   It may prevent the melee attacks of summoned creatures.
   It protects you from negative energy.
Magical devices
 e - a wand of slowing (9)
 j - a wand of cold (0)
 B - a wand of confusion (0)
 F - a wand of frost (17)
 H - a wand of lightning (6)
 N - a wand of frost (10)
Scrolls
 t - a scroll of teleportation {!r}
 D - 3 scrolls of remove curse
 I - a scroll of noise {!r}
 M - a scroll of amnesia
 S - a scroll of blinking
Potions
 i - 6 potions of haste {!q}
 k - a potion of restore abilities {!q}
 l - a potion of magic {unknown}
 n - 6 potions of curing
 r - a potion of might {!q}
 s - a potion of heal wounds {!q}
 u - 2 potions of invisibility {!q}
 v - a potion of flight {unknown}
 A - a potion of beneficial mutation {unknown}
 G - a potion of ambrosia {unknown}
Comestibles
 c - 11 bread rations {!e}
 g - 4 fruits
 q - 7 chunks of flesh
 z - 2 meat rations {!e}


   Skills:
 - Level 1.7 Dodging
 - Level 1.7 Stealth
 + Level 7.5 Spellcasting
 * Level 10.6 Conjurations
 * Level 11.0 Air Magic


You had 6 spell levels left.
You knew the following spells:

 Your Spells              Type           Power        Failure   Level  Hunger
a - Shock                 Conj/Air       ####         1%          1    None
b - Static Discharge      Conj/Air       ######..     1%          3    None
c - Lightning Bolt        Conj/Air       ######....   1%          5    ####...
d - Abjuration            Summ           ##........   10%         3    None
F - Flight                Chrm/Air       #####.....   1%          3    None
M - Repel Missiles        Chrm/Air       #####.       1%          2    None
S - Swiftness             Chrm/Air       #####...     1%          2    None


Dungeon Overview and Level Annotations

Branches:
Dungeon (10/15)            Temple (1/1) D:6            Lair (1/8) D:8
    Orc (2/4) D:10

Shops:
D:4 [:(   D:7 }   D:9 (   D:10 %

Annotations:
D:6 exclusion: oklob plant


Innate Abilities, Weirdness & Mutations

Your attributes are resistant to harm.


Message History

The orc is severely wounded.
You feel sick. Something hits you but does no damage. The orc hits you.
The orc misses you.
You take 2 damage.
You hit the orc.
You kill the orc!
Something hits you but does no damage. The orc barely misses you.
Something hits you but does no damage.
Casting: Static Discharge
Confirm with . or Enter, or press ? or * to list all spells.
The orc warrior is struck by lightning.
The orc warrior is moderately wounded.
The lightning arcs!
You are struck by lightning.
The lightning arcs!
Something is struck by lightning.
The lightning arcs!
You are struck by lightning.
The lightning grounds out.
The orc is struck by lightning.
The orc is heavily wounded.
The lightning arcs!
You are struck by lightning.
The lightning arcs!
The orc is struck by lightning.
You kill the orc!
The lightning arcs!
You are struck by lightning.
The lightning grounds out.
Something is struck by lightning.
Reactivating autopickup.
You feel a bit more experienced.
The lightning arcs!
You are struck by lightning.
The lightning arcs!
The orc warrior is struck by lightning.
The orc warrior is heavily wounded.
The lightning grounds out.
You feel sick. The orc warrior misses you.
You take 13 damage.
Casting: Static Discharge
Confirm with . or Enter, or press ? or * to list all spells.
The orc warrior is struck by lightning.
The orc warrior is severely wounded.
The lightning grounds out.
The orc warrior barely misses you.
Casting: Static Discharge
Confirm with . or Enter, or press ? or * to list all spells.
The orc warrior is struck by lightning.
The orc warrior is severely wounded.
The lightning arcs!
You are struck by lightning.
The lightning arcs!
The orc warrior is struck by lightning.
The orc warrior is almost dead.
The lightning arcs!
You are struck by lightning.
The lightning grounds out.
You take 5 damage.
You barely miss the orc warrior.
The orc warrior is almost dead.
You feel sick.
The orc warrior hits you with a short sword!
* * * LOW HITPOINT WARNING * * *
The orc warrior hits you with a short sword!
You die...

### ...
##..###....
#...........
.##...$........
...............
...............
.......))).......
.......)@).$...#
.....(()o[$...$..
...............
.##.#..#....... #
... ....... ...$
...... #....
..... .... .#.. .
.


You could see an orc warrior.

Vanquished Creatures
  Erica (Lair:1)
  Nergalle (Lair:1)
  A black mamba (Lair:1)
  5 komodo dragons (Lair:1)
  A fire drake (D:8)
  A blink frog (Lair:1)
  2 yaks (Lair:1)
  A wraith (D:10)
  Eustachio (D:5)
  5 hippogriffs
  A hungry ghost (D:10)
  3 water moccasins (Lair:1)
  5 wolves (Lair:1)
  9 orc warriors
  4 porcupines (Lair:1)
  2 ice beasts (D:8)
  2 necrophages
  2 black bears
  5 sky beasts
  8 ogres
  5 centaurs
  2 phantoms
  10 giant frogs
  4 scorpions
  A water moccasin skeleton (D:9)
  A jelly (D:9)
  A centaur zombie (D:6)
  10 orc priests
  4 crimson imps
  2 goliath beetles
  6 iguanas
  A giant frog zombie (D:9)
  4 hounds
  2 centaur skeletons (D:7)
  11 orc wizards
  10 sheep (Lair:1)
  7 worker ants
  3 hound zombies
  2 hound skeletons
  13 adders
  4 gnolls
  7 river rats (Lair:1)
  3 worms
  A shadow imp (D:8)
  A white imp (D:5)
  An adder skeleton (D:4)
  An adder zombie (D:8)
  4 giant geckos
  3 oozes
  80 orcs
  A bat skeleton (D:6)
  11 giant cockroaches
  18 goblins
  20 hobgoblins
  13 jackals
  25 kobolds
  6 quokkas
  2 ball pythons
  11 bats
  A giant gecko skeleton (D:5)
  10 giant newts
  A giant spore (D:9)
  A quokka zombie (D:5)
  13 rats
  4 ballistomycetes
  A fungus (Lair:1)
402 creatures vanquished.

Vanquished Creatures (others)
  An orc (D:10)
  A giant spore (D:6)
2 creatures vanquished.

Grand Total: 404 creatures vanquished

Notes
Turn   | Place    | Note
--------------------------------------------------------------
     0 | D:1      | Gorice, the Demigod Air Elementalist, began the quest for the Orb.
     0 | D:1      | Reached XP level 1. HP: 14/14 MP: 3/3
    41 | D:1      | Reached skill level 1 in Conjurations
   268 | D:1      | Reached skill level 2 in Spellcasting
   397 | D:1      | Reached XP level 2. HP: 20/20 MP: 0/5
   848 | D:1      | Reached skill level 2 in Conjurations
  1398 | D:1      | Learned a level 2 spell: Repel Missiles
  1401 | D:1      | Learned a level 2 spell: Swiftness
  1408 | D:2      | Reached XP level 3. HP: 26/26 MP: 0/8
  1565 | D:2      | Found a shadowy altar of Dithmenos.
  1624 | D:2      | You fall through a shaft for 2 floors!
  1643 | D:4      | HP: 5/26 [hound skeleton (3)]
  1644 | D:4      | HP: 2/26 [hound skeleton (3)]
  1653 | D:4      | Found Juicuor's Antique Armour Shoppe.
  1938 | D:4      | Reached XP level 4. HP: 33/33 MP: 4/11
  2011 | D:4      | Found Taoxkaf's Antique Weapon Emporium.
  2052 | D:4      | Reached skill level 3 in Conjurations
  2052 | D:4      | Reached skill level 3 in Air Magic
  2138 | D:4      | Found an opulent altar of Gozag.
  2158 | D:4      | Got a distressingly furry leather armour
  2189 | D:4      | Identified the cursed -2 leather armour of Analysis {+Fly rElec rPois} (You found it on level 4 of the Dungeon)
  2324 | D:3      | Reached XP level 5. HP: 38/38 MP: 7/13
  2387 | D:3      | Found a shattered altar of Ashenzari.
  2890 | D:2      | Learned a level 3 spell: Static Discharge
  3028 | D:3      | Reached skill level 3 in Spellcasting
  3660 | D:4      | Found Klecabro's Book Boutique.
  3895 | D:5      | Entered Level 5 of the Dungeon
  3918 | D:5      | Noticed Eustachio
  3959 | D:4      | Noticed an ogre
  4039 | D:4      | Killed an ogre
  4039 | D:4      | Reached skill level 4 in Conjurations
  4039 | D:4      | Reached skill level 4 in Air Magic
  4039 | D:4      | Reached XP level 6. HP: 41/45 MP: 9/17
  4217 | D:5      | Found a glowing golden altar of the Shining One.
  4307 | D:5      | Noticed a necrophage
  4386 | D:5      | Killed Eustachio
  4473 | D:5      | Killed a necrophage
  4473 | D:5      | Reached XP level 7. HP: 26/50 MP: 7/19
  4721 | D:5      | Noticed a phantom
  4743 | D:5      | Killed a phantom
  4743 | D:5      | Reached skill level 5 in Conjurations
  4743 | D:5      | Reached skill level 5 in Air Magic
  5082 | D:6      | Found a staircase to the Ecumenical Temple.
  5093 | Temple   | Entered the Ecumenical Temple
  5114 | D:6      | Reached skill level 4 in Spellcasting
  5306 | D:6      | HP: 13/50 [something (37)]
  5585 | D:6      | Noticed an oklob plant
  5643 | D:6      | Found a glowing silver altar of Zin.
  6365 | D:6      | Found a shimmering altar of Xom.
  6395 | D:6      | Reached XP level 8. HP: 53/57 MP: 19/21
  6551 | D:4      | Bought a dazzling helmet for 294 gold pieces
  6561 | D:4      | Identified the cursed -5 helmet "Jeniegh" {Dex+2} (You bought it in a shop on level 4 of the Dungeon)
  6736 | D:7      | Reached skill level 6 in Air Magic
  6789 | D:7      | Found Raifoosh's Gadget Shop.
  6977 | D:7      | Reached skill level 6 in Conjurations
  7762 | D:7      | Reached skill level 7 in Air Magic
  7948 | D:8      | Noticed a fire drake
  7953 | D:8      | Found a staircase to the Lair.
  7959 | D:8      | Killed a fire drake
  7959 | D:8      | Reached skill level 5 in Spellcasting
  7959 | D:8      | Reached skill level 7 in Conjurations
  8049 | D:7      | Reached XP level 9. HP: 45/62 MP: 17/24
  8065 | D:7      | Learned a level 5 spell: Lightning Bolt
  8371 | D:8      | Found a blossoming altar of Fedhas.
  8388 | D:8      | HP: 17/62 [sky beast (5)]
  8890 | D:8      | Reached skill level 8 in Air Magic
  9217 | D:8      | Reached skill level 8 in Conjurations
  9581 | D:8      | Learned a level 3 spell: Flight
  9618 | Lair:1   | Entered Level 1 of the Lair of Beasts
  9716 | Lair:1   | HP: 14/62 [wolf (6)]
 10043 | Lair:1   | Reached skill level 6 in Spellcasting
 10114 | Lair:1   | Noticed a komodo dragon
 10116 | Lair:1   | Noticed a komodo dragon
 10127 | Lair:1   | Killed a komodo dragon
 10127 | Lair:1   | Reached skill level 9 in Air Magic
 10127 | Lair:1   | Reached XP level 10. HP: 50/69 MP: 14/27
 10183 | Lair:1   | Killed a komodo dragon
 10183 | Lair:1   | Reached skill level 9 in Conjurations
 10306 | Lair:1   | Noticed a komodo dragon
 10333 | Lair:1   | Killed a komodo dragon
 10567 | Lair:1   | Noticed Nergalle
 10570 | Lair:1   | Noticed a komodo dragon
 10577 | Lair:1   | Killed Nergalle
 10581 | Lair:1   | HP: 17/69 [komodo dragon (24)]
 10583 | Lair:1   | Killed a komodo dragon
 10584 | Lair:1   | Noticed a komodo dragon
 11062 | Lair:1   | Noticed Erica
 11078 | Lair:1   | Killed Erica
 11078 | Lair:1   | Reached skill level 10 in Air Magic
 11102 | Lair:1   | HP: 20/69 [/static electricity (5)]
 11356 | Lair:1   | HP: 20/69 [poisoned by a black mamba]
 11361 | Lair:1   | HP: 15/69 [poisoned by a black mamba]
 11367 | Lair:1   | HP: 11/69 [poisoned by a black mamba]
 11372 | Lair:1   | HP: 8/69 [poisoned by a black mamba]
 11377 | Lair:1   | HP: 7/69 [poisoned by a black mamba]
 11382 | Lair:1   | HP: 6/69 [poisoned by a black mamba]
 11390 | Lair:1   | HP: 6/69 [poisoned by a black mamba]
 11675 | Lair:1   | Noticed a komodo dragon
 11681 | Lair:1   | HP: 16/69 [komodo dragon (27)]
 11929 | Lair:1   | Killed a komodo dragon
 11929 | Lair:1   | Reached skill level 10 in Conjurations
 12034 | Lair:1   | Noticed a komodo dragon
 12044 | Lair:1   | Reached skill level 7 in Spellcasting
 12053 | Lair:1   | HP: 20/69 [blink frog (11)]
 12418 | Lair:1   | Learned a level 3 spell: Abjuration
 12461 | D:9      | Reached XP level 11. HP: 74/74 MP: 28/28
 12554 | D:9      | Got a slimy lead amulet
 12557 | D:9      | Identified the amulet "Ciastruf" {Stasis rF++ Int-4} (You found it on level 9 of the Dungeon)
 12597 | D:9      | Found Qoraf's Weapon Emporium.
 13129 | D:9      | Found a radiant altar of Vehumet.
 13274 | D:9      | Found a white marble altar of Elyvilon.
 13488 | D:10     | Entered Level 10 of the Dungeon
 13565 | D:10     | Found Leixuoga's Food Boutique.
 13637 | D:10     | Found a staircase to the Orcish Mines.
 14000 | D:10     | HP: 22/74 [/static electricity (2)]
 14017 | D:10     | HP: 21/74 [bounced beam (4)]
 14250 | D:10     | Noticed an ogre mage
 14286 | D:10     | HP: 20/74 [ogre mage/bolt of lightning (40)]
 14846 | D:10     | HP: 21/74 [something (6)]
 14855 | D:10     | HP: 20/74 [something (5)]
 14857 | D:10     | HP: 8/74 [something (2)]
 14857 | D:10     | HP: 3/74 [something (5)]
 15107 | Orc:1    | Entered Level 1 of the Orcish Mines
 15326 | Orc:1    | Reached skill level 11 in Air Magic
 15735 | Orc:1    | HP: 9/74 [orc warrior/short sword (16)]
 15735 | Orc:1    | Slain by an orc warrior

Action                   |  1- 3 |  4- 6 |  7- 9 | 10-12 || total
-------------------------+-------+-------+-------+-------++-------
Melee: Unarmed           |     1 |       |       |       ||     1
       Dagger            |    18 |       |       |       ||    18
       Quarterstaff      |       |    44 |   121 |   140 ||   305
       Hunting sling     |       |       |     1 |       ||     1
 Fire: Hunting sling     |       |    38 |   164 |   141 ||   343
Throw: Stone             |     7 |       |       |       ||     7
       Throwing net      |       |     1 |       |       ||     1
       Javelin           |       |       |       |     4 ||     4
 Cast: Shock             |    81 |   118 |   165 |   122 ||   486
       Swiftness         |     1 |       |     1 |     4 ||     6
       Repel Missiles    |       |     1 |       |     1 ||     2
       Static Discharge  |       |     1 |    26 |    78 ||   105
       Lightning Bolt    |       |       |       |     1 ||     1
Evoke: Wand              |       |     6 |    15 |    21 ||    42
  Use: Scroll            |     6 |     6 |     7 |     6 ||    25
       Potion            |     1 |       |       |     2 ||     3
 Stab: Sleeping          |     1 |     2 |       |       ||     3
  Eat: Chunk             |     3 |     8 |    18 |    13 ||    42
       Beef jerky        |       |       |       |     2 ||     2
       Pizza             |       |       |       |     1 ||     1

Table legend:
 A = Turns spent in this place as a percentage of turns spent in the entire game.
 B = Non-inter-level travel turns spent in this place as a percentage of non-inter-level travel turns spent in the entire game.
 C = Inter-level travel turns spent in this place as a percentage of turns spent in this place.
 D = Turns resting spent in this place as a percentage of non-inter-level travel turns spent in this place.
 E = Turns spent auto-exploring this place as a percentage of non-inter-level travel turns spent in this place.
 F = Non-inter-level travel turns spent in this place divided by the number of levels of this place that you've seen.
                   A       B       C       D       E      F
               +-------+-------+-------+-------+-------+----------------------
         Total | 100.0 | 100.0 |   0.5 |   2.8 |   4.3 | 434.0
       Dungeon |  82.3 |  82.2 |   0.5 |   3.0 |   4.5 | 499.5
        Temple |   0.0 |   0.0 |   0.0 |   0.0 |   0.0 |   1.0
          Lair |  14.0 |  14.0 |   0.1 |   2.8 |   3.6 | 853.0
  Orcish Mines |   3.7 |   3.7 |   0.4 |   0.0 |   2.2 | 113.5
               +-------+-------+-------+-------+-------+----------------------

Vault maps used:
D:1:      dpeg_arrival_rooms_with_view, serial_forest,
          infiniplex_forest_corner_1, infiniplex_forest_straight_2,
          infiniplex_forest_clump_tiny, infiniplex_forest_lined_corner,
          infiniplex_forest_split, infiniplex_forest_lined_ring
D:2:      nicolae_dithmenos_through_a_glass_darkly
D:3:      evilmike_ruin_ashenzari, first_bread
D:4:      grunt_gozag_statues, serial_shops, nicolae_shop_waterfront,
          nicolae_shop_stone, shop
D:5:      tso_metal_star, uniq_eustachio
D:6:      erik_ogre, old_standard_altar, minmay_temple_entry_junction,
          lemuel_oklob_altar
D:7:      serial_shops, shop
D:8:      fedhas_bush_and_centaur_altar, minmay_lair_entry_lava, grunt_ogre_cave
D:9:      elyvilon_altar_3, nicolae_overflow_hidden_temple, serial_shops,
          nicolae_shop_trees
D:10:     wad_guarded_room, orc_david_3, serial_shops, shop
Temple:   triangle_lava_temple_12
Lair:1:   columned_hall_lemuel, beast_lair_carwin_7, uniq_erica, uniq_nergalle
Orc:2:    bloody_trog
